 Dungeon Crawl Stone Soup version 0.28-a0-245-g639a1a48b9 (webtiles) character file.

Game seed: 8221833609262488669

30494 PentaManta the Grappler (level 13, -1/115 HPs)
             Began as a Ghoul Abyssal Knight on Aug 25, 2021.
             Was an Elder of Lugonu.
             Collided with some lava (11 damage)
             ... caused by a swamp worm
             ... on level 1 of the Lair of Beasts.
             The game lasted 00:27:59 (14815 turns).

PentaManta the Grappler (Ghoul Abyssal Knight)     Turns: 14815, Time: 00:28:00

Health: -1/115     AC: 15    Str: 21    XL:     13   Next: 52%
Magic:  18/18      EV: 10    Int:  7    God:    Lugonu [****..]
Gold:   1263       SH:  5    Dex:  8    Spells: 12/12 levels left

rFire   + + .      SeeInvis +     - Unarmed
rCold   + + .      Faith    .   n - +0 buckler
rNeg    + + +      Spirit   .   A - +2 ring mail of the Farmer {-Cast rF+ rC+ Slay+4}
rPois   ∞          Reflect  .   x - +0 helmet
rElec   .          Harm     .   (no cloak)
rCorr   .          Rampage  .   d - +1 pair of gloves {archery}
Will    .....      NoCast   +   C - +1 pair of boots
Stlth   ..........              (no amulet)
HPRegen 0.00/turn               f - ring of protection from fire
MPRegen 0.16/turn               p - ring of see invisible

@: inhibited regen
A: claws 1, cold resistance 1, negative energy resistance 3, inhibited
regeneration, torment resistance 2
a: Renounce Religion, Depart the Abyss, Bend Space, Banish, Corrupt


You were on level 1 of the Lair of Beasts.
You worshipped Lugonu.
Lugonu was greatly pleased with you.
You visited 3 branches of the dungeon, and saw 13 of its levels.
You visited the Abyss 1 time.
You also visited: Bailey.

You collected 1263 gold pieces.

Inventory:

Hand Weapons
 z - a +3 dagger of venom
Missiles
 j - 62 boomerangs
 l - 73 poisoned darts
 t - 2 throwing nets
Armour
 c - a +0 plate armour
 d - a +1 pair of gloves of archery (worn)
 g - a +0 kite shield
 h - the +2 robe "Geej" {Will++ Str+4 Int-3 SInv}
   (You found it on level 10 of the Dungeon)

   Str:       It affects your strength (+4).
   Int:       It affects your intelligence (-3).
   SInv:      It lets you see invisible.
   Will:      It greatly increases your willpower.
 n - a +0 buckler (worn)
 x - a +0 helmet (worn)
 A - the +2 ring mail of the Farmer (worn) {-Cast rF+ rC+ Slay+4}
   (You found it on level 5 of the Dungeon)

   Slay:      It affects your accuracy & damage with ranged weapons and melee
   (+4).
   rF:        It protects you from fire.
   rC:        It protects you from cold.
   -Cast:     It prevents spellcasting.
 C - a +1 pair of boots (worn)
Jewellery
 f - a ring of protection from fire (left hand)
 p - a ring of see invisible (right hand)
 v - a ring of willpower
Wands
 b - a wand of mindburst (10) (quivered)
 o - a wand of flame (38)
 u - a wand of iceblast (7)
Scrolls
 q - 4 scrolls of teleportation
 y - a scroll of fog {unknown}
Potions
 a - 2 potions of lignification {unknown}
 e - 2 potions of cancellation
 i - 3 potions of curing
 k - 6 potions of heal wounds
 m - a potion of might
 r - 5 potions of attraction
 s - 2 potions of ambrosia
 w - 3 potions of flight
 D - a potion of mutation {unknown}


   Skills:
 + Level 10.8 Fighting
 * Level 9.7 Armour
 - Level 0.8 Dodging
 * Level 9.4 Shields
 - Level 12.5 Unarmed Combat
 - Level 8.4 Invocations


You had 12 spell levels left.
You didn't know any spells.
Your spell library contained the following spells:

 Spells                   Type           Power      Damage    Failure   Level
 Pain                     Necr           0%         1d4       56%         1
 Sting                    Tmut/Pois      0%         1d3       56%         1
 Conjure Flame            Conj/Fire      0%         6-21      91%         3
 Gell's Gravitas          Tloc           0%         N/A       91%         3
 Ignite Poison            Fire/Tmut/Pois 0%         N/A       91%         3
 Lesser Beckoning         Tloc           0%         N/A       91%         3
 Teleport Other           Tloc           0%         N/A       91%         3
 Sticky Flame             Conj/Fire      0%         2d3       100%        4
 Agony                    Necr           0%         N/A       100%        5
 Excruciating Wounds      Necr           0%         N/A       100%        5
 Summon Hydra             Summ           0%         N/A       100%        7
 Sublimation of Blood     Necr           Unusable   N/A       N/A         2
 Wereblood                Tmut           Unusable   N/A       N/A         2
 Blade Hands              Tmut           Unusable   N/A       N/A         5
 Dragon Form              Tmut           Unusable   N/A       N/A         7

Dungeon Overview and Level Annotations

Branches:
Dungeon (11/15)            Temple (1/1) D:6            Lair (1/6) D:10
 Bailey (visited)
    Orc: D:9-12

Altars:
Ashenzari
Cheibriados
Dithmenos
Elyvilon
Fedhas
Gozag
Hepliaklqana
Kikubaaqudgha
Makhleb
Nemelex Xobeh
Okawaru
Qazlal
Ru
Sif Muna
Trog
Uskayaw
Vehumet
Wu Jian
Xom
Yredelemnul
Zin
The Shining One

Shops:
D:5 [   D:7 [

Annotations:
Lair:1 1 transporter


Innate Abilities, Weirdness & Mutations

You thrive by killing the living.
You are immune to poison.
You have sharp fingernails.
Your flesh is cold resistant. (rC+)
You are immune to negative energy. (rN+++)
You do not regenerate when monsters are visible.
You are immune to unholy pain and torment.


Message History

The swamp worm fires a harpoon shot at you.
The harpoon shot hits you!
You are yanked forward by the harpoon shot.
You collide with the briar patch!
There is a net trap here.
You see here a throwing net.
You tear a large gash into the net.
The swamp worm fires a harpoon shot at you.
The harpoon shot hits you!
You are yanked forward by the harpoon shot.
You collide with the briar patch!
The briar patch is destroyed!
Unknown command.
You struggle against the net.
The swamp worm fires a harpoon shot at you.
The harpoon shot hits you!
You are yanked forward by the harpoon shot.
You collide with the briar patch!
You struggle against the net.
The swamp worm fires a harpoon shot at you.
The harpoon shot hits you.
You are yanked forward by the harpoon shot.
You collide with the briar patch!
The briar patch is destroyed!
The swamp worm fires a harpoon shot at you.
The harpoon shot hits you but does no damage.
You feel much better.
The swamp worm fires a harpoon shot at you.
The harpoon shot hits you!
You are yanked forward by the harpoon shot.
You collide with the briar patch!
The briar patch is destroyed!
* * * LOW HITPOINT WARNING * * *
You rip the net and break free!
The swamp worm fires a harpoon shot at you.
The harpoon shot hits you!!
* * * LOW HITPOINT WARNING * * *
You are yanked forward by the harpoon shot.
You violently stop moving!
You die...

.................................
.....†#..........................
......#..........................
......#........#########.........
...............#♣#w#♣#w#.........
......#.......##≈≈≈#≈≈§####.>....
..............#P..P§PPP#$=#......
......#......©#©^^^^^^○+/©#©.....
#.####........#P@PPP°PP#([#.....|
... .......)..##≈≈≈≈#≈≈####......
... ...........##w#♣#w##.........
... ...........#########.........
#.. #...........................
#.P ...........................
.. ...........................
... ...^...^.......>...........
... ..........................


You could see 4 swamp worms.

Vanquished Creatures
  A yaktaur captain (D:10)
  A boulder beetle (D:10)
  A centaur warrior (D:10)
  A two-headed ogre (D:5)
  An orc knight (D:10)
  A wolf spider (D:10)
  A black mamba (Lair:1)
  A komodo dragon (Lair:1)
  A cane toad (Lair:1)
  A kobold demonologist (D:10)
  A troll (D:10)
  A troll (shapeshifter) (D:10)
  A hornet (D:8)
  2 wyverns (D:10)
  Sigmund (D:4)
  6 yaks
  5 basilisks
  4 vampire mosquitoes (D:8)
  Edmund (D:4)
  7 water moccasins
  2 ice beasts
  3 black bears
  10 orc warriors
  A sky beast (D:7)
  7 wolves
  A necrophage (D:6)
  3 ogres
  3 centaurs
  A phantom (D:4)
  3 kobold brigands
  5 bullfrogs
  A scorpion (D:6)
  11 killer bees
  2 electric eels (D:7)
  3 howler monkeys
  A bullfrog zombie (D:6)
  A centaur zombie (D:10)
  7 hounds
  A jelly (D:7)
  A gnoll shaman (D:5)
  3 orc priests
  3 centaur skeletons
  Ijyb (D:3)
  Jessica (D:2)
  3 iguanas
  4 orc wizards
  A hound zombie (D:5)
  A howler monkey zombie (D:8)
  6 adders
  11 gnolls
  An ufetubus (D:4)
  An adder skeleton (D:4)
  4 worms
  5 dart slugs
  25 orcs
  An endoplasm (D:1)
  2 giant cockroaches
  11 hobgoblins
  4 jackals (D:2)
  35 kobolds
  5 quokkas
  5 ball pythons
  2 bats
  3 frilled lizards
  22 goblins
  5 rats
271 creatures vanquished.

Vanquished Creatures (others)
  2 orcs (D:8)
  3 briar patches (Lair:1)
  A fungus (D:10)
  6 plants
12 creatures vanquished.

Grand Total: 283 creatures vanquished

Notes
Turn   | Place    | Note
-------+----------+-------------------------------------------
     0 | Abyss:1  | PentaManta the Ghoul Abyssal Knight began the quest for the
                  | Orb.
     0 | Abyss:1  | Reached XP level 1. HP: 19/19 MP: 1/1
    46 | Abyss:1  | Noticed a wight
    68 | D:1      | Escaped the Abyss
   184 | D:1      | Reached skill level 3 in Unarmed Combat
   184 | D:1      | Reached XP level 2. HP: 26/26 MP: 2/2
   239 | D:1      | Reached * piety under Lugonu
   338 | D:1      | Found a faded altar of an unknown god.
   555 | D:1      | Reached XP level 3. HP: 26/31 MP: 3/3
   839 | D:2      | Reached skill level 4 in Unarmed Combat
  1007 | D:2      | Reached XP level 4. HP: 36/38 MP: 4/4
  1110 | D:2      | Noticed Jessica
  1121 | D:2      | Killed Jessica
  1122 | D:2      | Reached skill level 5 in Unarmed Combat
  2002 | D:3      | Reached XP level 5. HP: 45/45 MP: 5/5
  2383 | D:3      | Noticed Ijyb
  2409 | D:3      | Killed Ijyb
  2627 | D:3      | Reached skill level 6 in Unarmed Combat
  2790 | D:3      | Reached ** piety under Lugonu
  3115 | D:4      | Noticed a phantom
  3133 | D:4      | Killed a phantom
  3134 | D:4      | Reached skill level 7 in Unarmed Combat
  3134 | D:4      | Reached XP level 6. HP: 35/51 MP: 6/6
  3691 | D:4      | Reached skill level 8 in Unarmed Combat
  3691 | D:4      | Reached XP level 7. HP: 48/57 MP: 7/7
  3800 | D:4      | Found an iron altar of Okawaru.
  3888 | D:4      | Found a stormy altar of Qazlal.
  3897 | D:4      | Found an ornate altar of the Wu Jian Council.
  4134 | D:4      | Noticed Edmund
  4145 | D:4      | Killed Edmund
  4360 | D:4      | Noticed Sigmund
  4372 | D:4      | Killed Sigmund
  4373 | D:4      | Reached skill level 9 in Unarmed Combat
  4415 | D:5      | Entered Level 5 of the Dungeon
  4497 | D:5      | Noticed a two-headed ogre
  4522 | D:5      | Killed a two-headed ogre
  4523 | D:5      | Reached skill level 10 in Unarmed Combat
  4523 | D:5      | Reached skill level 5 in Invocations
  4523 | D:5      | Reached XP level 8. HP: 2/63 MP: 6/11
  4979 | D:5      | Reached *** piety under Lugonu
  5193 | D:5      | Found Yjehu's Armour Emporium.
  5344 | D:5      | Identified the +2 ring mail of the Farmer {-Cast rF+ rC+
                  | Slay+4}
  5424 | D:5      | Reached XP level 9. HP: 60/70 MP: 11/13
  5862 | D:5      | Found a hide-covered altar of Uskayaw.
  6240 | D:6      | Found a staircase to the Ecumenical Temple.
  6253 | Temple   | Entered the Ecumenical Temple
  7512 | D:7      | Found a transporter.
  7565 | D:7      | Found a transporter.
  8191 | D:7      | Reached skill level 5 in Fighting
  8605 | D:7      | Found Qanum's Antique Armour Shoppe.
  8785 | D:8      | Reached XP level 10. HP: 71/82 MP: 15/15
  8899 | D:8      | Reached skill level 11 in Unarmed Combat
  9997 | D:8      | Found a shimmering altar of Xom.
 10016 | D:8      | Reached **** piety under Lugonu
 10021 | D:8      | Found a shimmering altar of Xom.
 10021 | D:8      | Found a shimmering altar of Xom.
 10023 | D:8      | Found an opulent altar of Gozag.
 10023 | D:8      | Found a snail-covered altar of Cheibriados.
 10023 | D:8      | Found a blossoming altar of Fedhas.
 10572 | D:10     | Entered Level 10 of the Dungeon
 10601 | D:10     | Reached skill level 5 in Armour
 10626 | D:10     | Reached skill level 12 in Unarmed Combat
 10935 | D:9      | Found a flagged portal.
 10998 | Bailey   | Entered a bailey
 11725 | Bailey   | Got the Handbook of Egalitarianism
 12097 | D:9      | Found a bloodstained altar of Trog.
 12319 | D:9      | Reached skill level 5 in Shields
 12319 | D:9      | Reached XP level 11. HP: 97/97 MP: 16/16
 12320 | D:9      | Reached skill level 10 in Fighting
 12320 | D:9      | Reached XP level 12. HP: 106/106 MP: 17/17
 12564 | D:10     | Reached XP level 13. HP: 112/113 MP: 18/18
 12622 | D:10     | Found a staircase to the Lair.
 12885 | D:10     | Found a runed translucent door.
 13428 | D:10     | Noticed a yaktaur captain
 13442 | D:10     | Killed a yaktaur captain
 13543 | D:10     | Identified the +2 robe "Geej" {Will++ Str+4 Int-3 SInv}
 13953 | Lair:1   | Entered Level 1 of the Lair of Beasts
 14194 | Lair:1   | Found a transporter.
 14324 | Lair:1   | Found a transporter.
 14815 | Lair:1   | Collided with some lava

Illustrated notes

Levels and vault maps discovered:
D:1:      roderic_chinese_lattice_arrival, layout_basic,
          ebering_ecumenical_altar_abandoned
D:2:      layout_basic, ebering_dispersal_statue_hall, grunt_decor_one_mirror,
          minivault_5, uniq_jessica
D:3:      layout_loops_ring, uniq_ijyb
D:4:      layout_gridville, kennysheep_okawaru_gauntlet,
          mainiacjoe_overflow_swirl, sigmund_edmund_badplayer
D:5:      layout_layer_cave, amcnicky_altar_gilded,
          mainiacjoe_overflow_alcove_2, serial_shops, shop, minmay_hedge_maze
D:6:      layout_gridville, minmay_temple_entry_statues_fountains,
          grunt_decor_resistance
D:7:      gammafunk_steamed_eel, layout_loops_cross, serial_shops, shop
D:8:      layout_loops_ring, doesnt_xom_only_xom, hangedman_decor_riveting
D:9:      layout_loops_ring, trog_hazing_becter, enter_bailey_5
D:10:     layout_basic, minmay_lair_entry_grove, minivault_13
D:11:     layout_cross, minmay_orc_entry_temple_small, serial_park,
          serial_park_tiny_1, serial_park_fountain, serial_park_tiny_1,
          serial_park_gazebo [serial_park_minivault_5x5_7], serial_park_tiny_1
Temple:   regret_index_temple_generic_petals
Lair:1:   gammafunk_worm_tunnel, layout_regular_city, minmay_holes,
          hellmonk_guarded_unrand_seven_league_boots, lemuel_fruit_tree

Skill      XL: |  1  2  3  4  5  6  7  8  9 10 11 12 13 |
---------------+----------------------------------------+-----
Unarmed Combat | 3 4 5 7 8 10 12 | 12.5
Invocations    | 5 6 8 |  8.4
Armour         | 2 4 7 8 9 |  9.7
Fighting       | 5 9 10 | 10.8
Shields        | 5 7 9 |  9.4
Dodging        | |  0.8

Action                   |  1- 3 |  4- 6 |  7- 9 | 10-12 | 13-15 || total
-------------------------+-------+-------+-------+-------+-------++-------
Melee: Unarmed           |   100 |   187 |   216 |   257 |   232 ||   992
       Punch             |     1 |     3 |     3 |    11 |       ||    18
       Dagger            |       |       |       |       |    11 ||    11
Throw: Boomerang         |       |       |     9 |    33 |       ||    42
       Dart              |       |       |     3 |       |     3 ||     6
       Throwing net      |       |       |     2 |       |       ||     2
Invok: Depart the Abyss  |     1 |       |       |       |       ||     1
       Bend Space        |       |       |     1 |     1 |       ||     2
       Banish            |       |       |       |     3 |     1 ||     4
Evoke: Wand              |       |     2 |     6 |     5 |       ||    13
  Use: Scroll            |       |     4 |    10 |     4 |       ||    18
       Potion            |       |       |       |     4 |     1 ||     5
 Stab: Held in net/web   |       |       |     1 |       |       ||     1
Armor: Ring mail         |    39 |    10 |    40 |   111 |   130 ||   330
       Scale mail        |       |    48 |    11 |       |       ||    59
Dodge: Dodged            |    59 |    65 |    73 |   135 |    99 ||   431
Block: Buckler           |       |       |       |     4 |    61 ||    65

Table legend: (Time is in decaauts)
 A = Elapsed time spent in this place.
 B = Non-inter-level travel time spent in this place.
 C = Inter-level travel time spent in this place.
 D = Time resting spent in this place.
 E = Time spent auto-exploring this place.
 F = Levels seen in this place.
 G = Mean time per level.
                   A        B        C        D        E       F      G
               +--------+--------+--------+--------+--------+-----+--------+
         Total |  14660 |  14314 |    346 |   3856 |   7709 |  15 |  977.3 |
       Dungeon |  12733 |  12422 |    311 |   3236 |   7088 |  11 | 1157.5 |
        Temple |    229 |    194 |     35 |      0 |    190 |   1 |  229.0 |
          Lair |    846 |    846 |      0 |    198 |    431 |   1 |  846.0 |
         Abyss |     68 |     68 |      0 |      0 |      0 |   1 |   68.0 |
        Bailey |    783 |    783 |      0 |    422 |      0 |   1 |  783.0 |
               +--------+--------+--------+--------+--------+-----+--------+

Top non-repeatable levels by time:
     D:5: 1805 daAuts
     D:8: 1768 daAuts
    D:10: 1591 daAuts
     D:4: 1287 daAuts
     D:7: 1251 daAuts
     D:2: 1181 daAuts
     D:3: 1159 daAuts
     D:6: 1037 daAuts
  Lair:1: 846 daAuts
     D:9: 821 daAuts
  Bailey: 783 daAuts
     D:1: 686 daAuts
  Temple: 229 daAuts
    D:11: 142 daAuts
 Abyss:1: 68 daAuts
